 Dungeon Crawl Stone Soup version 0.25-a0-665-ga69d64035b (webtiles) character file.

Game seed: 10343247799663562202, levelgen mode: deterministic

30 Esekla the Stinger (level 3, 0/22 HPs)
             Began as an Octopode Venom Mage on Mar 26, 2020.
             Succumbed to an adder's poison
             ... on level 1 of the Dungeon.
             The game lasted 00:07:38 (650 turns).

Esekla the Stinger (Octopode Venom Mage)             Turns: 650, Time: 00:07:39

Health: 0/22       AC:  1    Str:  8    XL:     3   Next: 20%
Magic:  1/6        EV: 13    Int: 17    God:
Gold:   9          SH:  0    Dex: 12    Spells: 4/7 levels left

rFire    . . .     SeeInvis .   a - +0 dagger
rCold    . . .     Gourm    .   (no shield)
rNeg     . . .     Faith    .   (helmet restricted)
rPois    .         Spirit   .   (no amulet)
rElec    .         Reflect  .   (no ring)
rCorr    .         Harm     .   (no ring)
MR       .....                  (no ring)
Stlth    +++.......             (no ring)
HPRegen  0.07/turn              (no ring)
MPRegen  0.10/turn              (no ring)
                                (no ring)
                                (no ring)

@: lethally poisoned (0 -> -4)
A: almost no armour, stealthy swim, amphibious, 8 rings, constrict 8, camouflage
1, gelatinous body 1
a: no special abilities


You were on level 1 of the Dungeon.
You were not hungry.

You visited 1 branch of the dungeon, and saw 2 of its levels.

You collected 9 gold pieces.

Inventory:

Hand Weapons
 a - a +0 dagger (weapon)
Scrolls
 c - a scroll of remove curse {unknown}
 d - a scroll of teleportation {unknown}
Comestibles
 b - 4 rations


   Skills:
 * Level 0.6 Fighting
 + Level 0.1 Short Blades
 * Level 2.1 Dodging
 + Level 3.1 Stealth
 * Level 2.5 Spellcasting
 - Level 1.0 Transmutations
 * Level 0.1 Air Magic
 + Level 4.0 Poison Magic


You had 4 spell levels left.
You knew the following spells:

 Your Spells              Type           Power        Failure   Level  Hunger
a - Sting                 Tmut/Pois      ##..         7%          1    #......
b - Poisonous Vapours     Pois/Air       #.....       12%         2    ##.....

Your spell library contained the following spells:

 Spells                   Type           Power        Failure   Level  Hunger
 Ignite Poison            Fire/Tmut/Pois #.......     28%         3    ###....
 Mephitic Cloud           Conj/Pois/Air  #.......     30%         3    ###....
 Olgreb's Toxic Radiance  Pois           ###.....     34%         4    #####..


Dungeon Overview and Level Annotations

Branches:
Dungeon (2/15)

Altars:
Fedhas


Innate Abilities, Weirdness & Mutations

You cannot wear most types of armour.
You are very stealthy in the water. (Stealth+)
You are amphibious.
You can wear up to eight rings at the same time.
You can use your tentacles to constrict eight enemies at once.
Your skin changes colour to match your surroundings (Stealth+).
Your rubbery body absorbs attacks. (AC +1, EV +1)


Message History

* * * LOW HITPOINT WARNING * * *
You feel sick. The adder closely misses you.
You hit the adder. Your grab misses the adder.
The adder is almost dead.
You kill the adder!
You have reached level 3!
Your experience leads to an increase in your attributes!
Increase (S)trength, (I)ntelligence, or (D)exterity?
You feel stronger.
* * * LOW HITPOINT WARNING * * *
You feel sick.
* * * LOW HITPOINT WARNING * * *
You feel sick.
There is a stone staircase leading up here.
There is a lethal amount of poison in your body!
You climb upwards.
* * * LOW HITPOINT WARNING * * *
You feel sick.
There is a stone staircase leading down here.
You die...

# ###. #.#...
#.#... ..... #
#... ##.#...
....#
.......########
....#
#...@......#
....#
#.#.#.####.###
....####
###.............
.......
.......>####.##.
.....# ###.....#
.....## #....###
......# ####.
.####.# #.
...##.## #.


There were no monsters in sight!

Vanquished Creatures
  An adder (D:2)
  3 giant cockroaches
  2 goblins (D:1)
  2 hobgoblins
  A jackal (D:1)
  A kobold (D:1)
  A quokka (D:2)
  4 bats
  2 frilled lizards
  5 rats
22 creatures vanquished.

Vanquished Creatures (others)
  A jackal (D:1)
1 creature vanquished.

Grand Total: 23 creatures vanquished

Notes
Turn   | Place    | Note
-------+----------+-------------------------------------------
     0 | D:1      | Esekla the Octopode Venom Mage began the quest for the Orb.
     0 | D:1      | Reached XP level 1. HP: 11/11 MP: 3/3
   317 | D:1      | Reached XP level 2. HP: 14/18 MP: 3/5
   395 | D:1      | Learned a level 2 spell: Poisonous Vapours
   549 | D:2      | Found a blossoming altar of Fedhas.
   608 | D:2      | Reached skill level 4 in Poison Magic
   639 | D:2      | Reached XP level 3. HP: 3/22 MP: 0/6
   643 | D:2      | HP: 1/22 [poisoned by an adder]
   650 | D:1      | Succumbed to an adder's poison

Levels and vault maps discovered:
D:1:      tarquinn_simple_flora_water_e, layout_basic, serial_glass,
          glass_columns_b, glass_columns_a, glass_columns_a, glass_columns_a,
          st_stairs_3, lemuel_flame_loot_1
D:2:      layout_basic, bloody_trog, fedhas_altar_fruit_tree,
          kennysheep_generic_room_10

Skill      XL: |  1  2 |
---------------+-------+-----
Poison Magic   | 4 |  4.0
Stealth        | 3 |  3.1
Fighting       | |  0.6
Short Blades   | |  0.1
Dodging        | |  2.1
Spellcasting   | |  2.5
Transmutations | |  1.0
Air Magic      | |  0.1

Action                   || total
-------------------------++-------
Melee: Unarmed           ||    18
       Constrict         ||    13
       Tentacles         ||     4
       Dagger            ||    25
 Cast: Sting             ||    10
       Poisonous Vapours ||     5
 Stab: Sleeping          ||     4
Armor: Skin              ||     7
Dodge: Dodged            ||    34

Table legend:
 A = Non-vault XP
 B = Vault XP
 C = Vault XP percentage of total XP
 D = Non-vault monster count
 E = Vault monster count
 F = Vault count percentage of total count
                 A         B        C        D         E       F
            +---------+---------+-------+---------+---------+-------
      Total |      41 |       3 |   6.8 |      20 |       2 |   9.1
            +---------+---------+-------+---------+---------+-------
        D:1 |      18 |       3 |  14.3 |      12 |       2 |  14.3
        D:2 |      23 |       0 |   0.0 |       8 |       0 |   0.0
            +---------+---------+-------+---------+---------+-------
